PAA
MINNESOTA LOONS @ VIRGINIA PALLADIUM SOX
07/05/2038
 
TOP OF THE 1ST
Minnesota Loons batting - Pitching for Virginia Palladium Sox : RHP Wilson Valenzuela
Pitching: RHP Wilson Valenzuela
Batting: SHB Milojica Kordic 0-0: Ground out U3 (Groundball, 3, EV 84.4 MPH)
Batting: RHB Yoshiki Ito 0-0: Fly out, F8 (Line Drive, 8RD, EV 93.1 MPH)
Batting: RHB David Stone 0-0: Called Strike
0-1: Ball
1-1: Ground out 4-3 (Groundball, 4, EV 92.5 MPH)
Top of the 1st over - 0 runs, 0 hits, 0 errors, 0 left on base; Minnesota 0 - Virginia 0
BOTTOM OF THE 1ST
Virginia Palladium Sox batting - Pitching for Minnesota Loons : LHP Hong-bin Hua
Pitching: LHP Hong-bin Hua
Batting: RHB Juan Ocasio 0-0: Swinging Strike
0-1: Ball
1-1: Called Strike
1-2: Foul Ball, location: 2F
1-2: Ball
2-2: Strikes out swinging
Batting: RHB Cristo Cuervo 0-0: Ball
1-0: SINGLE (Line Drive, 9S, EV 103.1 MPH)
Batting: LHB Dave Watts 0-0: Fielders Choice at 2nd, 5-4 (Groundball, 5, EV 81.9 MPH)
Batting: RHB Andy Garnet 0-0: Ball
1-0: Called Strike
1-1: SINGLE (Line Drive, 78M, EV 100.0 MPH)
Dave Watts to second
Batting: RHB Sergio Aguero 0-0: Ground out 1-3 (Groundball, P, EV 65.6 MPH)
Bottom of the 1st over - 0 runs, 2 hits, 0 errors, 2 left on base; Minnesota 0 - Virginia 0
TOP OF THE 2ND
Minnesota Loons batting - Pitching for Virginia Palladium Sox : RHP Wilson Valenzuela
Batting: RHB Javier Vázquez 0-0: Ball
1-0: Ball
2-0: Ball
3-0: Base on Balls
Batting: RHB Jason Watts 0-0: Ball
1-0: Ball
2-0: Swinging Strike
2-1: Foul Ball, location: 2F
2-2: Ball
3-2: Foul Ball, location: 2F
3-2: Strikes out looking
Batting: RHB Alejandro Blasco 0-0: Ball
Wild Pitch!
Javier Vázquez to second
1-0: Ball
2-0: Ball
3-0: Called Strike
3-1: Foul Ball, location: 2F
3-2: 2-RUN HOME RUN (Flyball, 7D, EV 101.2 MPH), Distance : 365 ft
Batting: RHB William Morgan 0-0: Ball
1-0: Called Strike
1-1: Called Strike
1-2: Ball
2-2: Foul Ball, location: 2F
2-2: Strikes out swinging
Batting: RHB Salvador Gisbert 0-0: Ball
1-0: Ball
2-0: Fly out, F9 (Flyball, 89M, EV 88.1 MPH)
Top of the 2nd over - 2 runs, 1 hit, 0 errors, 0 left on base; Minnesota 2 - Virginia 0
BOTTOM OF THE 2ND
Virginia Palladium Sox batting - Pitching for Minnesota Loons : LHP Hong-bin Hua
Batting: SHB Jim Dunleavy 0-0: Ball
1-0: Called Strike
1-1: Swinging Strike
1-2: Strikes out swinging
Batting: RHB Dave Lewis 0-0: Called Strike
0-1: Swinging Strike
0-2: Ground out 6-3 (Groundball, 6, EV 89.4 MPH)
Batting: RHB Tom Matthews 0-0: Ball
1-0: Fly out, F3 (Popup, 3SF, EV 82.5 MPH)
Bottom of the 2nd over - 0 runs, 0 hits, 0 errors, 0 left on base; Minnesota 2 - Virginia 0
TOP OF THE 3RD
Minnesota Loons batting - Pitching for Virginia Palladium Sox : RHP Wilson Valenzuela
Batting: RHB Djakapura Makanamaikai 0-0: Ball
1-0: Ground out 6-3 (Groundball, 6, EV 105.0 MPH)
Batting: SHB Milojica Kordic 0-0: Fly out, F7 (Flyball, 7LSF, EV 75.6 MPH)
Batting: RHB Yoshiki Ito 0-0: Called Strike
0-1: Foul Ball, location: 2F
0-2: Strikes out swinging
Top of the 3rd over - 0 runs, 0 hits, 0 errors, 0 left on base; Minnesota 2 - Virginia 0
BOTTOM OF THE 3RD
Virginia Palladium Sox batting - Pitching for Minnesota Loons : LHP Hong-bin Hua
Batting: LHB Jorge Castillo 0-0: Called Strike
0-1: Swinging Strike
0-2: Ball
1-2: Ball
2-2: Foul Ball, location: 2F
2-2: Foul Ball, location: 2F
2-2: Foul Ball, location: 2F
2-2: Strikes out swinging
Batting: RHB Juan Ocasio 0-0: Foul Ball, location: 2F
0-1: Called Strike
0-2: Ball
1-2: Ground out 5-3 (Groundball, 56S, EV 82.5 MPH)
Batting: RHB Cristo Cuervo 0-0: Called Strike
0-1: Called Strike
0-2: Fly out, F6 (Flyball, 6MD, EV 95.0 MPH)
Bottom of the 3rd over - 0 runs, 0 hits, 0 errors, 0 left on base; Minnesota 2 - Virginia 0
TOP OF THE 4TH
Minnesota Loons batting - Pitching for Virginia Palladium Sox : RHP Wilson Valenzuela
Batting: RHB David Stone 0-0: Foul Ball, location: 2F
0-1: Ball
1-1: Ball
2-1: Ball
3-1: Called Strike
3-2: SINGLE (Groundball, 6, EV 83.1 MPH) (infield hit)
Batting: RHB Javier Vázquez 0-0: Foul Ball, location: 2F
0-1: Ball
1-1: Ball
2-1: Swinging Strike
2-2: Ball
3-2: Strikes out swinging
Batting: RHB Jason Watts 0-0: Called Strike
0-1: Ball
1-1: Foul Ball, location: 2F
1-2: Strikes out swinging
Batting: RHB Alejandro Blasco 0-0: Ball
1-0: Ball
2-0: Foul Ball, location: 2F
2-1: Foul Ball, location: 2F
2-2: Foul Ball, location: 2F
2-2: Ball
3-2: Strikes out swinging
Top of the 4th over - 0 runs, 1 hit, 0 errors, 1 left on base; Minnesota 2 - Virginia 0
BOTTOM OF THE 4TH
Virginia Palladium Sox batting - Pitching for Minnesota Loons : LHP Hong-bin Hua
Batting: LHB Dave Watts 0-0: Ball
1-0: Swinging Strike
1-1: Ball
2-1: Fly out, F8 (Flyball, 89D, EV 99.4 MPH)
Batting: RHB Andy Garnet 0-0: Called Strike
0-1: Ball
1-1: Ball
2-1: Foul Ball, location: 2F
2-2: Ball
3-2: Base on Balls
Batting: RHB Sergio Aguero 0-0: Foul Ball, location: 2F
0-1: Called Strike
0-2: Ball
1-2: Ball
2-2: Ball
3-2: Fly out, F4 (Popup, 4S, EV 72.5 MPH)
Batting: SHB Jim Dunleavy 0-0: Foul Ball, location: 2F
0-1: Ball
1-1: Fly out, F4 (Line Drive, 4, EV 68.1 MPH)
Bottom of the 4th over - 0 runs, 0 hits, 0 errors, 1 left on base; Minnesota 2 - Virginia 0
TOP OF THE 5TH
Minnesota Loons batting - Pitching for Virginia Palladium Sox : RHP Wilson Valenzuela
Batting: RHB William Morgan 0-0: Called Strike
0-1: Ball
1-1: Bunt for hit to 2L - play at first, batter safe!
Batting: RHB Salvador Gisbert 0-0: Ball
1-0: SINGLE (Groundball, 6, EV 109.4 MPH) (infield hit)
William Morgan to second
Batting: RHB Djakapura Makanamaikai 0-0: Sac Bunt to 15S - play at first, batter OUT! 1-3
William Morgan to third
Salvador Gisbert to second
Batting: SHB Milojica Kordic 0-0: Called Strike
0-1: Called Strike
0-2: 3-RUN HOME RUN (Line Drive, 9D, EV 100.0 MPH), Distance : 369 ft
Batting: RHB Yoshiki Ito 0-0: Ball
1-0: Called Strike
1-1: Fly out, F9 (Flyball, 89S, EV 89.4 MPH)
Batting: RHB David Stone 0-0: Ball
1-0: Called Strike
1-1: Foul Ball, location: 2F
1-2: Foul Ball, location: 2F
1-2: Strikes out swinging
Top of the 5th over - 3 runs, 3 hits, 0 errors, 0 left on base; Minnesota 5 - Virginia 0
BOTTOM OF THE 5TH
Virginia Palladium Sox batting - Pitching for Minnesota Loons : LHP Hong-bin Hua
Batting: RHB Dave Lewis 0-0: Called Strike
0-1: Foul Ball, location: 2F
0-2: Ball
1-2: Foul Ball, location: 2F
1-2: Strikes out looking
Batting: RHB Tom Matthews 0-0: Foul Ball, location: 2F
0-1: Called Strike
0-2: Ball
1-2: Ball
2-2: Fly out, F7 (Line Drive, 78S, EV 93.8 MPH)
Batting: LHB Jorge Castillo 0-0: Foul Ball, location: 2F
0-1: Ball
1-1: Foul Ball, location: 2F
1-2: Ball
2-2: Foul Ball, location: 2F
2-2: Ball
3-2: SINGLE (Flyball, 9S, EV 95.0 MPH)
Batting: RHB Juan Ocasio 0-0: Called Strike
0-1: Ball
1-1: Foul Ball, location: 2F
1-2: Ball
2-2: Hit by Pitch
Jorge Castillo to second
Batting: RHB Cristo Cuervo 0-0: Swinging Strike
0-1: Ground out 5-3 (Groundball, 56S, EV 69.4 MPH)
Bottom of the 5th over - 0 runs, 1 hit, 0 errors, 2 left on base; Minnesota 5 - Virginia 0
TOP OF THE 6TH
Minnesota Loons batting - Pitching for Virginia Palladium Sox : RHP Wilson Valenzuela
Pitching: RHP Ron Harris
Batting: RHB Javier Vázquez 0-0: Ball
1-0: Foul Ball, location: 2F
1-1: Called Strike
1-2: Strikes out swinging, 2-3 out at first.
Batting: RHB Jason Watts 0-0: Ball
1-0: Called Strike
1-1: Foul Ball, location: 2F
1-2: Fly out, F8 (Flyball, 8RXD, EV 98.8 MPH)
Batting: RHB Alejandro Blasco 0-0: Foul Ball, location: 2F
0-1: SINGLE (Groundball, 56D, EV 93.8 MPH)
Batting: RHB William Morgan 0-0: Called Strike
0-1: Foul Ball, location: 2F
0-2: Ball
1-2: Foul Ball, location: 2F
1-2: Strikes out swinging
Top of the 6th over - 0 runs, 1 hit, 0 errors, 1 left on base; Minnesota 5 - Virginia 0
BOTTOM OF THE 6TH
Virginia Palladium Sox batting - Pitching for Minnesota Loons : LHP Hong-bin Hua
Batting: LHB Dave Watts 0-0: Ball
1-0: Fly out, F7 (Line Drive, 7, EV 106.9 MPH)
Batting: RHB Andy Garnet 0-0: Foul Ball, location: 2F
0-1: Ground out 2-3 (Groundball, 13S, EV 65.0 MPH)
Batting: RHB Sergio Aguero 0-0: Ball
1-0: Swinging Strike
1-1: Called Strike
1-2: Strikes out swinging
Bottom of the 6th over - 0 runs, 0 hits, 0 errors, 0 left on base; Minnesota 5 - Virginia 0
TOP OF THE 7TH
Minnesota Loons batting - Pitching for Virginia Palladium Sox : RHP Ron Harris
Batting: RHB Salvador Gisbert 0-0: Ball
1-0: Ball
2-0: Ball
3-0: Called Strike
3-1: Ground out 5-3 (Groundball, 56S, EV 88.1 MPH)
Batting: RHB Djakapura Makanamaikai 0-0: Ball
1-0: Swinging Strike
1-1: Foul Ball, location: 2F
1-2: Ball
2-2: Strikes out swinging
Batting: SHB Milojica Kordic 0-0: Ball
1-0: Ball
2-0: Foul Ball, location: 2F
2-1: Foul Ball, location: 2F
2-2: Foul Ball, location: 2F
2-2: Ball
3-2: Fly out, F8 (Flyball, 8RM, EV 83.8 MPH)
Top of the 7th over - 0 runs, 0 hits, 0 errors, 0 left on base; Minnesota 5 - Virginia 0
BOTTOM OF THE 7TH
Virginia Palladium Sox batting - Pitching for Minnesota Loons : LHP Hong-bin Hua
Batting: SHB Jim Dunleavy 0-0: Ball
1-0: Ball
2-0: Ball
3-0: Called Strike
3-1: Called Strike
3-2: Fly out, F7 (Flyball, 7S, EV 86.2 MPH)
Batting: RHB Dave Lewis 0-0: Foul Ball, location: 2F
0-1: Fly out, F7 (Flyball, 7D, EV 99.4 MPH)
Batting: RHB Tom Matthews 0-0: Ball
1-0: Fly out, F5 (Popup, 5SF, EV 84.4 MPH)
Bottom of the 7th over - 0 runs, 0 hits, 0 errors, 0 left on base; Minnesota 5 - Virginia 0
TOP OF THE 8TH
Minnesota Loons batting - Pitching for Virginia Palladium Sox : RHP Ron Harris
Batting: RHB Yoshiki Ito 0-0: Ball
1-0: Called Strike
1-1: Foul Ball, location: 2F
1-2: Strikes out looking
Batting: RHB David Stone 0-0: Ball
1-0: Ball
2-0: Ball
3-0: Base on Balls
Pitching: RHP Evan Groenevelt
Batting: RHB Javier Vázquez 0-0: Foul Ball, location: 2F
0-1: Fielders Choice at 2nd, 5-4 (Groundball, 56, EV 85.6 MPH)
Batting: RHB Jason Watts 0-0: Called Strike
0-1: Called Strike
0-2: Ball
1-2: Ball
Javier Vázquez steals 2nd base (no throw)
2-2: SINGLE (Flyball, 78M, EV 85.0 MPH)
Javier Vázquez to third
Runner from 3rd tries for Home, SAFE, throw by CF to home
Jason Watts to second
Batting: RHB Alejandro Blasco 0-0: Ball
1-0: Swinging Strike
1-1: SINGLE (Groundball, 6D, EV 110.0 MPH)
Jason Watts to third
Runner from 3rd tries for Home, SAFE, throw by CF to home
Batting: RHB William Morgan 0-0: Called Strike
0-1: Ball
1-1: Foul Ball, location: 2F
1-2: Foul Ball, location: 2F
1-2: Ground out 3-1 (Groundball, 34, EV 85.0 MPH)
Top of the 8th over - 2 runs, 2 hits, 0 errors, 1 left on base; Minnesota 7 - Virginia 0
BOTTOM OF THE 8TH
Virginia Palladium Sox batting - Pitching for Minnesota Loons : LHP Hong-bin Hua
Batting: LHB Jorge Castillo 0-0: Ball
1-0: Ball
2-0: Called Strike
2-1: Ball
3-1: Base on Balls
Pitching: RHP Adrián Porras
Batting: RHB Juan Ocasio 0-0: Ball
1-0: SINGLE (Line Drive, 6D, EV 96.2 MPH)
Jorge Castillo to second
Pinch Hitting: SHB José García 0-0: Ball
1-0: Foul Ball, location: 2F
1-1: Ball
2-1: Grounds into double play, 6-4-3 (Groundball, 6, EV 80.0 MPH)
Jorge Castillo to third
Batting: LHB Dave Watts 0-0: Ball
1-0: Swinging Strike
1-1: Ball
2-1: Swinging Strike
2-2: Ground out 6-3 (Groundball, 6, EV 104.4 MPH)
Bottom of the 8th over - 0 runs, 1 hit, 0 errors, 1 left on base; Minnesota 7 - Virginia 0
TOP OF THE 9TH
Minnesota Loons batting - Pitching for Virginia Palladium Sox : RHP Evan Groenevelt
Now at 1B: José García
Batting: RHB Salvador Gisbert 0-0: Swinging Strike
0-1: Swinging Strike
0-2: Ball
1-2: Ball
2-2: Strikes out swinging
Batting: RHB Djakapura Makanamaikai 0-0: Called Strike
0-1: Ball
1-1: Ball
2-1: Ball
3-1: Called Strike
3-2: Base on Balls
Batting: SHB Milojica Kordic 0-0: Ball
1-0: Called Strike
1-1: Ball
2-1: Ball
3-1: Fly out, F8 (Line Drive, 8RM, EV 96.9 MPH)
Batting: RHB Yoshiki Ito 0-0: Ball
Djakapura Makanamaikai is caught stealing 2nd base 2-4
Top of the 9th over - 0 runs, 0 hits, 0 errors, 0 left on base; Minnesota 7 - Virginia 0
BOTTOM OF THE 9TH
Virginia Palladium Sox batting - Pitching for Minnesota Loons : RHP Adrián Porras
Batting: RHB Andy Garnet 0-0: Ball
1-0: Swinging Strike
1-1: Ball
2-1: Ball
3-1: Foul Ball, location: 2F
3-2: Foul Ball, location: 2F
3-2: Strikes out swinging
Batting: RHB Sergio Aguero 0-0: Ball
1-0: Foul Ball, location: 2F
1-1: Foul Ball, location: 2F
1-2: Ball
2-2: Ground out 5-3 (Groundball, 5, EV 99.4 MPH)
Batting: SHB Jim Dunleavy 0-0: Called Strike
0-1: Foul Ball, location: 2F
0-2: Strikes out swinging
Bottom of the 9th over - 0 runs, 0 hits, 0 errors, 0 left on base; Minnesota 7 - Virginia 0
Friday, April 17th, 2020 - OOTP Baseball 20.8 Build 74